 Dungeon Crawl Stone Soup version 0.28.0 (webtiles) character file.

Game seed: 14321022786059001060

175 HallandMoats the Skirmisher (level 5, 0/46 HPs)
             Began as a Ghoul Fighter on Feb 8, 2022.
             Slain by Crazy Yiuf (2 damage)
             ... on level 2 of the Dungeon.
             The game lasted 00:02:32 (2357 turns).

HallandMoats the Skirmisher (Ghoul Fighter)         Turns: 2357, Time: 00:02:32

Health: 0/46       AC:  9    Str: 20    XL:     5   Next: 55%
Magic:  5/5        EV:  9    Int:  5    God:
Gold:   74         SH:  4    Dex:  8    Spells: 4/4 levels left

rFire   . . .      SeeInvis .   b - +0 dagger (venom)
rCold   + . .      Faith    .   c - +0 buckler
rNeg    + + +      Spirit   .   j - +0 scale mail
rPois   ∞          Reflect  .   f - +0 helmet
rElec   .          Harm     .   (no cloak)
rCorr   .          Rampage  .   i - +0 pair of gloves
Will    .....                   (no boots)
Stlth   ..........              (no amulet)
HPRegen 0.00/turn               (no ring)
MPRegen 0.09/turn               (no ring)

@: inhibited regen, slowed, very slow
A: claws 1, cold resistance 1, negative energy resistance 3, inhibited
regeneration, torment resistance 2
a: no special abilities


You were on level 2 of the Dungeon.
You visited 1 branch of the dungeon, and saw 2 of its levels.

You collected 74 gold pieces.

Inventory:

Hand Weapons
 a - a +0 war axe
 b - a +0 dagger of venom (weapon)
Armour
 c - a +0 buckler (worn)
 f - a +0 helmet (worn)
 i - a +0 pair of gloves (worn)
 j - a +0 scale mail (worn)
Scrolls
 g - 2 scrolls of identify {unknown}
 l - a scroll of fear {unknown}
Potions
 d - a potion of might
 e - a potion of curing {unknown}
 h - a potion of attraction {unknown}
 k - a potion of haste {unknown}


   Skills:
 * Level 4.2 Fighting
 * Level 2.7 Axes
 + Level 3.1 Armour
 + Level 1.3 Dodging
 + Level 3.0 Shields
 * Level 2.4 Invocations


You had 4 spell levels left.
You didn't know any spells.
Your spell library was empty.

Dungeon Overview and Level Annotations

Branches:
Dungeon (2/15)

Altars:

Annotations:
D:2 Crazy Yiuf, Natasha


Innate Abilities, Weirdness & Mutations

You thrive by killing the living.
You are immune to poison.
You have sharp fingernails.
Your flesh is cold resistant. (rC+)
You are immune to negative energy. (rN+++)
You do not regenerate when monsters are visible.
You are immune to unholy pain and torment.


Message History

You see here a +0 dagger.
Found a mace.
Found a runed translucent door.
Crazy Yiuf shouts!
Key pressed, stopping explore.
Key pressed, stopping explore.
Crazy Yiuf shouts!
Crazy Yiuf says, "Goldfish rumpyflump testudinal!"
Crazy Yiuf grits, "Two water tea!"
Could not explore, unopened runed door.
Could not explore, unopened runed door.
Your +0 dagger of venom begins to drip with poison!
b - a +0 dagger of venom (weapon)
You open the door.
Crazy Yiuf drinks a potion.
Crazy Yiuf flickers and vanishes!
Deactivating autopickup; reactivate with Ctrl-A.
Something hits you! Space warps around you.
There is an open translucent door here.
You closely miss something. You block something's attack.
You hit something. Something hits you.
You barely miss something. Something hits you! Something burns you.
You hit something. Something hits you.
You closely miss something. You block something's attack.
There is a stone staircase leading down here.
Crazy Yiuf appears from thin air!
Reactivating autopickup.
Crazy Yiuf drinks a potion.
Crazy Yiuf flickers and vanishes!
Deactivating autopickup; reactivate with Ctrl-A.
Natasha, Servant of Life and Death comes into view.
Natasha hisses angrily.
Natasha claws you but does no damage.
You hit Natasha but do no damage.
Natasha is poisoned.
Natasha claws you but does no damage. Something hits you!
* * * LOW HITPOINT WARNING * * *
You feel yourself slow down. Natasha claws you.
* * * LOW HITPOINT WARNING * * *
Natasha stares at you and mumbles some strange words.
You feel as though you will be slow longer.
Natasha barely misses you. Something hits you.
You die...

##.###)## #.#
##.#.## #.# #..##
#.# #### ♣ #..#
#.# #)..#♣♣ ♣♣
#..# #.#####
#...'.♣♣♣♣. #..#
#.##).#
#...#♣..♣..
##..#######.....#
#### ♣♣♣.♣.
#..........h.)..#
♣♣♣♣
#.#.###.>.##@##.#
#.#.....#...#...#
#.#####...##.####
#.# #.####.# #.#
#.####.# #.#
#....#.# #### #.#
####.#.# #... #<#
#.#.# #.## #.#
#.#.# #.#


You could see Natasha (very poisoned).

Vanquished Creatures
  A jelly (D:2)
  Natasha (twice) (D:2)
  4 gnolls (D:2)
  An adder (D:2)
  A dart slug (D:1)
  5 endoplasms
  5 goblins
  4 hobgoblins
  3 jackals (D:2)
  3 quokkas
  9 ball pythons (D:1)
  3 bats
  2 frilled lizards
  2 kobolds
  7 rats
52 creatures vanquished.

Notes
Turn   | Place    | Note
-------+----------+-------------------------------------------
     0 | D:1      | HallandMoats the Ghoul Fighter began the quest for the Orb.
     0 | D:1      | Reached XP level 1. HP: 19/19 MP: 0/0
    94 | D:1      | Reached XP level 2. HP: 26/26 MP: 1/1
   167 | D:1      | Found a faded altar of an unknown god.
   273 | D:1      | Reached skill level 1 in Invocations
   491 | D:1      | Reached XP level 3. HP: 31/31 MP: 2/2
   895 | D:2      | Noticed Natasha
   903 | D:2      | Killed Natasha
   904 | D:2      | Reached skill level 1 in Dodging
   904 | D:2      | Reached XP level 4. HP: 25/40 MP: 2/4
  1236 | D:2      | Reached skill level 4 in Fighting
  1435 | D:2      | Noticed Natasha
  1444 | D:2      | Killed Natasha
  1445 | D:2      | Reached XP level 5. HP: 26/46 MP: 5/5
  2064 | D:2      | Found a runed translucent door.
  2065 | D:2      | Noticed Crazy Yiuf
  2351 | D:2      | Noticed Natasha
  2356 | D:2      | HP: 2/46 [Natasha (4)]
  2357 | D:2      | Slain by Crazy Yiuf

Illustrated notes

Levels and vault maps discovered:
D:1:      scummos_arrival_hexagon, layout_loops_ring,
          hellmonk_ecumenical_altar_zigzags
D:2:      layout_loops_ring, uniq_crazy_yiuf_cottage, uniq_natasha

Skill      XL: |  1  2  3  4 |
---------------+-------------+-----
Axes           | 2 |  2.7
Invocations    | 1 2 |  2.4
Dodging        | 1 |  1.3
Armour         | 3 |  3.1
Fighting       | 4 |  4.2
Shields        | 3 |  3.0

Action                   |  1- 3 |  4- 6 || total
-------------------------+-------+-------++-------
Melee: War axe           |    93 |    38 ||   131
       Dagger            |       |    30 ||    30
Armor: Scale mail        |    63 |    31 ||    94
Dodge: Dodged            |    50 |    24 ||    74
Block: Buckler           |    17 |    12 ||    29
